Map: Frost LE

Players

starkiller

  • Race: Zerg Zerg
  • League: Master

llllllllllll - Winner!

  • Race: Protoss Protoss
  • League: Master

VOD

Have the link to the VOD?

Description

PvZ at its best :)

Time

  • Played on: July 19, 2016, 10:26 a.m.
  • Length: 10:56
Show
View Real Time Build Order
Export as new Build Order

starkiller Zerg 

Build Orders: Hatch First 

Get SALT Encoding   

  12  0:01  Drone  
  13  0:13  Overlord  
  13  0:18  Drone  
  14  0:31  Drone x2  
  14  0:35  Drone  
  17  0:54  Hatchery  
  16  0:59  Drone  
  17  1:14  Drone, Extractor  
  17  1:15  Drone  
  18  1:24  Spawning Pool  
  18  1:25  Drone  
  18  1:31  Drone  
  19  1:42  Overlord  
  19  1:50  Drone  
  20  2:01  Drone  
  21  2:10  Queen x2  
  25  2:25  Hatchery  
  25  2:29  Drone  
  25  2:33  Metabolic Boost  
  25  2:41  Drone  
  25  2:42  Drone  
  27  2:44  Drone  
  28  2:53  Drone x3  
  28  2:57  Overlord  
  31  3:03  Overlord  
  31  3:09  Overlord  
  31  3:16  Drone  
  31  3:17  Drone x2  
  34  3:25  Drone x4  
  38  3:28  Drone  
  38  3:29  Drone  
  40  3:37  Roach Warren  
  39  3:41  Overlord  
  39  3:46  Drone x2  
  39  3:48  Queen  
  41  3:53  Overlord  
  41  3:55  Overlord  
  43  4:17  Roach x8  
  43  4:18  Roach  
  43  4:20  Roach  
  43  4:22  Spore Crawler  
  62  4:24  Spore Crawler  
  62  4:26  Roach  
  59  4:33  Roach x2  
  59  4:35  Roach  
  59  4:41  Zergling x2  
  59  4:42  Zergling x2  
  59  4:44  Zergling x2  
  62  4:47  Zergling x2  
  62  4:49  Zergling x2  
  62  4:52  Zergling x2  
  65  4:53  Zergling x2  
  65  4:55  Zergling x2  
  68  5:00  Zergling x4  
  69  5:08  Zergling x6  
  69  5:11  Zergling x2  
  73  5:16  Overlord  
  69  5:22  Zergling x6  
  69  5:28  Zergling x4  
  59  5:40  Zergling x12  
  47  5:50  Roach x2  
  47  5:51  Zergling x2  
  47  5:55  Zergling x2  
  47  5:56  Zergling x2  
  48  6:06  Drone x3  
  51  6:12  Drone  
  51  6:17  Drone x2  
  54  6:22  Drone  
  55  6:32  Drone x2  
  53  6:51  Drone x10  
  53  6:53  Lair  
  63  6:54  Extractor  
  63  6:55  Drone x2  
  63  6:56  Extractor  
  63  7:00  Drone  
  64  7:03  Extractor  
  64  7:06  Evolution Chamber  
  62  7:11  Spore Crawler  
  62  7:14  Drone  
  62  7:16  Drone x9  
  66  7:38  Roach  
  66  7:39  Roach x9  
  84  7:47  Spore Crawler  
  84  7:48  Spore Crawler  
  84  7:49  Zerg Missile Weapons Level 1  
  73  7:53  Hydralisk Den  
  72  8:03  Drone x2  
  73  8:24  Muscular Augments, Hydralisk x4  
  73  8:25  Hydralisk  
  83  8:28  Hydralisk  
  83  8:31  Hydralisk  
  87  8:39  Hydralisk  
  89  8:52  Hydralisk  
  82  9:05  Hydralisk  
  82  9:06  Hydralisk x3  
  76  9:10  Hydralisk x2  
  76  9:12  Hydralisk  
  76  9:16  Hydralisk  
  76  9:22  Hydralisk  
  78  9:33  Hydralisk x2  
  78  9:35  Hydralisk  
  84  9:46  Hatchery  
  84  9:52  Drone  
  84  9:57  Overlord x3  
  84  10:17  Roach x8  
  100  10:24  Roach x3  
  106  10:49  Spore Crawler  
  73  10:50  Spore Crawler  
  73  10:51  Spore Crawler  
  73  10:53  Spore Crawler  
Show
View Real Time Build Order
Export as new Build Order

llllllllllll Protoss - Winner!

Build Orders: 1 Gate Expand, Oracle Opening 

Get SALT Encoding   

  12  0:01  Probe (Chrono Boost)  
  13  0:11  Probe (Chrono Boost)  
  14  0:18  Pylon  
  14  0:22  Probe (Chrono Boost)  
  15  0:36  Probe (Chrono Boost)  
  15  0:38  Gateway  
  16  0:45  Assimilator  
  16  0:47  Probe (Chrono Boost)  
  17  0:57  Probe (Chrono Boost)  
  18  1:08  Probe (Chrono Boost)  
  19  1:22  Nexus  
  20  1:25  Probe (Chrono Boost)  
  20  1:38  Cybernetics Core  
  20  1:40  Probe (Chrono Boost)  
  21  1:50  Assimilator  
  21  1:51  Probe (Chrono Boost)  
  22  1:59  Pylon  
  22  2:02  Probe (Chrono Boost)  
  23  2:13  Stalker  
  23  2:17  Warp Gate  
  23  2:19  Probe (Chrono Boost)  
  27  2:32  Mothership Core (Chrono Boost)  
  27  2:34  Probe (Chrono Boost)  
  28  2:45  Probe (Chrono Boost)  
  28  2:50  Probe (Chrono Boost)  
  30  2:55  Stargate, Probe (Chrono Boost)  
  31  3:00  Probe (Chrono Boost)  
  31  3:01  Adept  
  34  3:06  Probe (Chrono Boost)  
  34  3:11  Probe (Chrono Boost)  
  36  3:15  Gateway  
  36  3:17  Probe (Chrono Boost)  
  36  3:19  Gateway  
  37  3:22  Probe (Chrono Boost)  
  38  3:27  Probe (Chrono Boost)  
  38  3:33  Probe (Chrono Boost)  
  40  3:34  Oracle  
  40  3:38  Probe (Chrono Boost)  
  40  3:39  Pylon  
  44  3:48  Probe (Chrono Boost)  
  45  3:49  Probe (Chrono Boost)  
  46  3:59  Probe (Chrono Boost)  
  46  4:00  Probe (Chrono Boost)  
  48  4:04  Nexus  
  48  4:05  Oracle  
  48  4:15  Pylon  
  53  4:17  Probe (Chrono Boost)  
  53  4:18  Probe (Chrono Boost)  
  53  4:25  Pylon  
  53  4:27  Probe (Chrono Boost)  
  54  4:35  Probe (Chrono Boost)  
  54  4:38  Probe (Chrono Boost)  
  56  4:42  Assimilator  
  56  4:43  Adept x3  
  56  4:44  Assimilator  
  62  4:47  Oracle  
  62  4:50  Probe (Chrono Boost)  
  62  4:51  Probe (Chrono Boost)  
  67  4:57  Pylon  
  67  5:00  Pylon  
  67  5:06  Probe (Chrono Boost)  
  69  5:07  Probe (Chrono Boost)  
  69  5:17  Pylon x2  
  69  5:19  Adept x2  
  69  5:20  Oracle, Adept  
  57  5:44  Probe x2 (Chrono Boost)  
  57  5:45  Probe (Chrono Boost)  
  56  5:51  Adept x2  
  56  5:54  Oracle  
  56  5:55  Probe x2 (Chrono Boost)  
  58  5:57  Probe (Chrono Boost)  
  59  6:06  Pylon  
  59  6:13  Probe x2 (Chrono Boost)  
  59  6:14  Probe (Chrono Boost)  
  62  6:23  Probe x2 (Chrono Boost)  
  62  6:25  Probe (Chrono Boost)  
  65  6:29  Pylon  
  63  6:34  Probe (Chrono Boost), Zealot  
  63  6:38  Adept  
  67  6:47  Oracle  
  67  6:48  Probe x2 (Chrono Boost)  
  72  6:59  Probe x2 (Chrono Boost)  
  75  7:08  Probe (Chrono Boost)  
  75  7:09  Probe (Chrono Boost)  
  75  7:14  Probe (Chrono Boost), Stargate  
  77  7:17  Pylon  
  77  7:20  Probe (Chrono Boost)  
  77  7:21  Probe (Chrono Boost)  
  79  7:24  Probe (Chrono Boost)  
  79  7:25  Oracle  
  83  7:50  Probe (Chrono Boost)  
  85  7:52  Probe x2 (Chrono Boost)  
  85  7:56  Oracle  
  86  8:00  Oracle  
  86  8:02  Probe (Chrono Boost), Adept x3  
  86  8:03  Pylon  
  99  8:09  Probe (Chrono Boost)  
  99  8:10  Probe (Chrono Boost)  
  101  8:19  Probe (Chrono Boost)  
  103  8:20  Probe (Chrono Boost)  
  103  8:22  Probe (Chrono Boost)  
  104  8:27  Oracle  
  104  8:30  Probe (Chrono Boost)  
  104  8:31  Stargate, Oracle  
  104  8:33  Probe (Chrono Boost)  
  110  8:34  Probe (Chrono Boost)  
  110  8:40  Probe (Chrono Boost), Adept x2  
  110  8:41  Adept  
  120  8:45  Probe (Chrono Boost)  
  120  8:46  Probe (Chrono Boost)  
  122  8:52  Probe (Chrono Boost)  
  120  8:57  Probe (Chrono Boost)  
  120  8:58  Oracle  
  120  9:02  Oracle  
  102  9:11  Oracle  
  105  9:18  Adept x2  
  109  9:25  Assimilator  
  109  9:26  Assimilator  
  109  9:27  Pylon  
  109  9:29  Oracle, Gateway  
  109  9:31  Pylon  
  109  9:33  Gateway x2  
  109  9:38  Pylon  
  112  9:40  Pylon  
  112  9:42  Oracle  
  109  9:51  Oracle  
  115  10:03  Adept x3  
  121  10:09  Oracle  
  121  10:20  Nexus  
  121  10:21  Pylon  
  127  10:33  Adept x4  
Tags
 
Add a new tag
Caveats
  • Supply blocks, unpowered buildings, or Contaminate may cause inaccurate times.
  • Supply counts are checked every 10 seconds.